 Dungeon Crawl Stone Soup version 0.29-a0-841-g116ddc6ace (webtiles) character file.

Game seed: 3239189921191107961

39 par4site the Magician (level 3, -1/32 HPs)
             Began as a Troll Hedge Wizard on July 15, 2022.
             Killed from afar by Sigmund (7 damage)
             ... with a puff of flame
             ... on level 2 of the Dungeon.
             The game lasted 00:09:14 (941 turns).

par4site the Magician (Troll Hedge Wizard)           Turns: 941, Time: 00:09:15

Health: -1/32      AC:  4    Str: 18    XL:     3   Next: 26%
Magic:  5/5        EV:  9    Int: 10    God:
Gold:   75         SH:  0    Dex: 11    Spells: 5/6 levels left

rFire   . . .      SeeInvis .   m - +0 mace
rCold   . . .      Faith    .   (no shield)
rNeg    . . .      Spirit   .   b - +0 robe
rPois   .          Reflect  .   c - +0 hat
rElec   .          Harm     .   (no cloak)
rCorr   .          Rampage  .   (gloves unavailable)
Will    .....                   (boots unavailable)
Stlth   +.........              (no amulet)
HPRegen 0.90/turn               (no ring)
MPRegen 0.09/turn               (no ring)

@: confused
A: large, unfitting armour, claws 3, regeneration 1, shaggy fur 1, tough skin 1
a: no special abilities


You were on level 2 of the Dungeon.
You visited 1 branch of the dungeon, and saw 2 of its levels.

You collected 75 gold pieces.

Inventory:

Hand Weapons
 a - a +0 dagger
 m - a +0 mace (weapon)
Armour
 b - a +0 robe (worn)
 c - a +0 hat (worn)
 e - a +0 leather armour
 k - a +0 scale mail
Magical Staves
 i - a staff of cold
Scrolls
 h - a scroll of enchant weapon {unknown}
 j - a scroll of blinking {unknown}
 n - a scroll of torment {unknown}
Potions
 d - a potion of magic
 f - 2 potions of brilliance {unknown}
 g - 2 potions of curing {unknown}
 l - a potion of attraction {unknown}


   Skills:
 + Level 0.8 Fighting
 * Level 0.6 Maces & Flails
 + Level 1.1 Armour
 - Level 1.5 Dodging
 - Level 1.0 Stealth
 * Level 2.3 Spellcasting
 - Level 0.6 Conjurations
 - Level 0.6 Summonings
 - Level 0.6 Translocations


You had 5 spell levels left.
You knew the following spells:

 Your Spells              Type           Power      Damage    Failure   Level
a - Magic Dart            Conj           8%         1d3       24%         1

Your spell library contained the following spells:

 Spells                   Type           Power      Damage    Failure   Level
 Slow                     Hex            4%         N/A       30%         1
 Blink                    Tloc           4%         N/A       34%         2
 Call Imp                 Summ           2%         N/A       34%         2
 Conjure Flame            Conj/Fire      1%         6-21      63%         3
 Mephitic Cloud           Conj/Pois/Air  1%         N/A       63%         3


Dungeon Overview and Level Annotations

Branches:
Dungeon (2/15)

Altars:

Shops:
D:1 *

Annotations:
D:2 Sigmund


Innate Abilities, Weirdness & Mutations

You are too large for most types of armour.
You have claws for hands.
Your natural rate of healing is unusually fast.
You are covered in fur. (AC +1)
You have tough skin. (AC +1)


Message History

Press: ? - help, Shift-Dir - straight line, f - Sigmund
Aim: Sigmund, wielding a +0 scythe and wearing a +0 robe (asleep, 100% to hit)
The magic dart hits Sigmund but does no damage.
Sigmund shouts!
Casting: Magic Dart (safe; 24% risk of failure)
Confirm with . or Enter, or press ? or * to list all spells.
Aiming: Magic Dart (safe; 24% risk of failure)
Press: ? - help, Shift-Dir - straight line, f/p - Sigmund
Aim: Sigmund, wielding a +0 scythe and wearing a +0 robe (100% to hit)
The magic dart hits Sigmund but does no damage.
Sigmund points at you and mumbles some strange words.
You resist with significant effort.
Sigmund points at you and mumbles some strange words.
The magic dart hits you!
Sigmund screams, "Die, monster!"
Sigmund closely misses you. Sigmund hits you with a +0 scythe!
Sigmund hits you with a +0 scythe.
You hit Sigmund.
Sigmund is lightly wounded.
Sigmund gestures wildly while chanting.
Sigmund flickers and vanishes!
Deactivating autopickup; reactivate with Ctrl-A.
You hit something. Something hits you.
You barely miss something. Something hits you.
You hit something. Something hits you!
* * * LOW HITPOINT WARNING * * *
You hit something but do no damage.
You hear some strange, mumbled words.
You are confused.
You bump into the rock wall.
Something hits you.
* * * LOW HITPOINT WARNING * * *
You completely miss something. Something hits you.
* * * LOW HITPOINT WARNING * * *
You bump into the rock wall.
You closely miss something.
You hear some strange, mumbled words.
A puff of flame appears from out of thin air!
The puff of flame hits you!
You die...

#.. ##.# .# ##..## #.#
### #....#
###.########.. #<...#
#.....##....<## #....#
..............####...#
...............#@{...#
...............#.##..#
.................##..#
................###..#
..).............# #..#
................# #@.#
..............^## #..#
#.....##......## #...#
#.##########..# ##....


There were no monsters in sight!

Vanquished Creatures
  2 adders (D:2)
  2 endoplasms (D:1)
  2 giant cockroaches (D:1)
  A hobgoblin (D:2)
  A quokka (D:1)
  5 ball pythons
  2 bats (D:1)
  2 frilled lizards (D:1)
  2 kobolds (D:1)
  2 rats
21 creatures vanquished.

Notes
Turn   | Place    | Note
-------+----------+-------------------------------------------
     0 | D:1      | par4site the Troll Hedge Wizard began the quest for the
                  | Orb.
     0 | D:1      | Reached XP level 1. HP: 16/16 MP: 2/2
   264 | D:1      | Found Cexegrahe's Assorted Antiques.
   330 | D:1      | Reached XP level 2. HP: 26/26 MP: 2/4
   602 | D:1      | Reached skill level 1 in Armour
   772 | D:2      | Reached XP level 3. HP: 32/32 MP: 2/5
   911 | D:2      | Noticed Sigmund
   941 | D:2      | Killed from afar by Sigmund

Illustrated notes

Levels and vault maps discovered:
D:1:      minmay_arrival_doors, layout_rooms, serial_shops, shop
D:2:      layout_rooms, uniq_sigmund

Skill      XL: |  1  2 |
---------------+-------+-----
Armour         | 1 |  1.1
Fighting       | |  0.8
Maces & Flails | |  0.6
Dodging        | |  1.5
Stealth        | |  1.0
Spellcasting   | |  2.3
Conjurations   | |  0.6
Summonings     | |  0.6
Translocations | |  0.6

Action                   || total
-------------------------++-------
Melee: Dagger            ||    17
       Unarmed           ||    27
       Mace              ||    21
 Cast: Magic Dart        ||    24
  Use: Scroll            ||     1
 Stab: Sleeping          ||     1
Armor: Robe              ||    20
Dodge: Dodged            ||    32

Table legend: (Time is in decaauts)
 A = Elapsed time spent in this place.
 B = Non-inter-level travel time spent in this place.
 C = Inter-level travel time spent in this place.
 D = Time resting spent in this place.
 E = Time spent auto-exploring this place.
 F = Levels seen in this place.
 G = Mean time per level.
                   A        B        C        D        E       F      G
               +--------+--------+--------+--------+--------+-----+--------+
         Total |    947 |    947 |      0 |     85 |    416 |   2 |  473.5 |
       Dungeon |    947 |    947 |      0 |     85 |    416 |   2 |  473.5 |
               +--------+--------+--------+--------+--------+-----+--------+

Top non-repeatable levels by time:
     D:1: 743 daAuts
     D:2: 203 daAuts
